 Dungeon Crawl Stone Soup version 0.30-a0-782-ge64f9170bb (webtiles) character file.

Game seed: 5098365906242299617

93 theswoord the Twirler (level 4, 0/33 HPs)
             Began as a Demonspawn Gladiator on Mar 16, 2023.
             Succumbed to Dowan's poison
             ... on level 4 of the Dungeon.
             The game lasted 00:02:03 (1543 turns).

theswoord the Twirler (Demonspawn Gladiator)        Turns: 1543, Time: 00:02:04

Health: 0/33       AC:  7    Str: 16    XL:     4   Next: 37%
Magic:  4/4        EV: 12    Int: 10    God:
Gold:   75         SH:  0    Dex: 14    Spells: 3/3 levels left

rFire   . . .      SeeInvis .    a - +1 quarterstaff
rCold   . . .      Faith    .    (shield currently unavailable)
rNeg    . . .      Spirit   .    b - +0 leather armour
rPois   .          Reflect  .    c - +0 helmet
rElec   .          Harm     .    (no cloak)
rCorr   .          Rampage  .    (no gloves)
Will    .....                    (no boots)
Stlth   +                        (no amulet)
HPRegen 0.25/turn                (no ring)
MPRegen 0.09/turn                (no ring)

@: lethally poisoned (0 -> -9)
A: yellow scales 2
a: no special abilities


You were on level 4 of the Dungeon.
You visited 1 branch of the dungeon, and saw 5 of its levels.

You collected 75 gold pieces.

Inventory:

Hand Weapons
 a - a +1 quarterstaff (weapon)
Missiles
 d - 2 throwing nets (quivered)
 e - 3 javelins
Armour
 b - a +0 leather armour (worn)
 c - a +0 helmet (worn)
Potions
 f - a potion of invisibility
 g - 2 potions of lignification
 h - 2 potions of heal wounds
 i - a potion of degeneration
 j - a potion of ambrosia {unknown}
 k - a potion of haste {unknown}
 l - a potion of mutation {unknown}


   Skills:
 - Level 2.0 Fighting
 + Level 4.8 Staves
 - Level 1.7 Throwing
 - Level 2.6 Dodging


You had 3 spell levels left.
You didn't know any spells.
Your spell library was empty.

Dungeon Overview and Level Annotations

Branches:
Dungeon (5/15)
 Temple: D:4-7

Altars:

Annotations:
D:4 Dowan, Duvessa


Innate Abilities, Weirdness & Mutations

You are mostly covered in yellow scales. (AC +3)


Message History

The quokka bites you.
You barely miss the quokka.
The quokka bites you but does no damage.
You hit the quokka.
The quokka bites you but does no damage.
You hit the quokka.
You kill the quokka!
No target in view!
No target in view!
There is a stone staircase leading up here.
You climb upwards.
Duvessa shouts!
Dowan shouts!
There is a stone staircase leading down here.
As you read the scroll labelled ZEXKIL XUGRY, it crumbles to dust.
Your body is wracked with pain!
Dowan convulses!
Duvessa convulses!
It was a scroll of torment.
Dowan points at Duvessa and mumbles some strange words.
Duvessa seems to speed up.
Throw: 3 throwing nets
Aim: Duvessa, wielding a +0 short sword, wearing a +1 ring mail of fire resistance and carrying a wand of flame (26) (heavily wounded, fast, 67% to hit)
You throw a throwing net. The throwing net hits Duvessa.
Duvessa is caught in the net!
Duvessa struggles against the net.
Duvessa struggles against the net.
Dowan mumbles some strange words.
Dowan blinks!
Duvessa says, "My weaknesses are his strengths!"
Duvessa struggles against the net.
You hit Duvessa.
Duvessa zaps a wand.
The puff of flame hits you!
* * * LOW HITPOINT WARNING * * *
Duvessa struggles against the net.
The net rips apart, and Duvessa comes free!
A worm comes into view.
You closely miss Duvessa. Duvessa hits you with a +0 short sword.
* * * LOW HITPOINT WARNING * * *
Dowan hits you with a +1 dagger of venom.
* * * LOW HITPOINT WARNING * * *
You are lethally poisoned!
You barely miss Duvessa.
You die...

#########
.......>#
#######.#
#e# #@#
#e# #w#
..# #.#
#.# #.#
#.#


You could see Duvessa (fast), Dowan and a worm.

Vanquished Creatures
  3 adders
  4 dart slugs
  6 ball pythons
  6 endoplasms
  4 giant cockroaches
  6 goblins
  5 hobgoblins
  4 jackals (D:2)
  2 quokkas
  4 bats (D:1)
  2 frilled lizards (D:1)
  4 kobolds
  A rat (D:2)
51 creatures vanquished.

Vanquished Creatures (others)
  5 plants (D:3)
5 creatures vanquished.

Grand Total: 56 creatures vanquished

Notes
Turn   | Place    | Note
-------+----------+-------------------------------------------
     0 | D:1      | theswoord the Demonspawn Gladiator began the quest for the
                  | Orb.
     0 | D:1      | Reached XP level 1. HP: 16/16 MP: 1/1
    75 | D:1      | Reached skill level 3 in Staves
    88 | D:1      | Gained mutation: You are partially covered in yellow
                  | scales. (AC +2) [demonic ancestry]
    88 | D:1      | Reached XP level 2. HP: 22/22 MP: 2/2
   259 | D:1      | Found a faded altar of an unknown god.
   288 | D:1      | Reached XP level 3. HP: 10/27 MP: 3/3
   611 | D:2      | Reached skill level 4 in Staves
  1171 | D:2      | Gained mutation: You are mostly covered in yellow scales.
                  | (AC +3) [demonic ancestry]
  1171 | D:2      | Reached XP level 4. HP: 33/33 MP: 4/4
  1474 | D:3      | You fall into a shaft and drop 2 floors!
  1474 | D:5      | Entered Level 5 of the Dungeon
  1535 | D:4      | Noticed Duvessa
  1535 | D:4      | Noticed Dowan
  1543 | D:4      | Succumbed to Dowan's poison

Skill      XL: |  1  2  3 |
---------------+----------+-----
Staves         | 3 4 |  4.8
Fighting       | |  2.0
Throwing       | |  1.7
Dodging        | |  2.6

Action                     |  1- 3 |  4- 6 || total
---------------------------+-------+-------++-------
  Melee: Quarterstaff      |   130 |    32 ||   162
  Throw: Throwing net      |       |     1 ||     1
    Use: Scroll            |     6 |     4 ||    10
   Stab: Sleeping          |     2 |       ||     2
 Armour: Leather armour    |    37 |    19 ||    56
  Dodge: Dodged            |    78 |    20 ||    98

Levels and vault maps discovered:
D:1:      dpeg_arrival_connections, layout_basic, basic_ecumenical_altar,
          minmay_hexomino_f4
D:2:      layout_loops_ring
D:3:      cheibrodos_old_hovel, layout_rooms, mainiacjoe_overflow_alcove_4,
          uniq_crazy_yiuf_cottage
D:4:      layout_basic, chequers_temple_overflow_statue_of_worship,
          mainiacjoe_overflow_alcove_2, kennysheep_opposing_triangles,
          uniq_duvessa
D:5:      layout_cave_pods, serial_shops, shop
